 Dungeon Crawl Stone Soup version 0.31-a0-188-g5e087ee2ca (webtiles) character file.

Game seed: 4695563787969513661

51 qw the Shooter (level 3, -1/20 HPs)
             Began as a Deep Elf Hunter on June 23, 2023.
             Slain by a hobgoblin (2 damage)
             ... on level 2 of the Dungeon.
             The game lasted 00:00:24 (980 turns).

qw the Shooter (Deep Elf Hunter)                     Turns: 980, Time: 00:00:25

Health: -1/20      AC:  6    Str: 10    XL:     3   Next: 58%
Magic:  5/5        EV: 12    Int: 13    God:
Gold:   133        SH:  0    Dex: 18    Spells: 2/2 levels left

rFire   . . .        Y - +0 shortbow
rCold   . . .        (shield currently unavailable)
rNeg    . . .        c - +0 leather armour
rPois   .            (no helmet)
rElec   .            (no cloak)
rCorr   .            i - +2 pair of gloves
SInv    .            (no boots)
Will    .....        (no amulet)
Stlth   ++           (no ring)
HPRegen 0.23/turn    (no ring)
MPRegen 0.09/turn

%: no passive effects
@: no status effects
A: no striking features
a: no special abilities


You were on level 2 of the Dungeon.
You visited 1 branch of the dungeon, and saw 2 of its levels.

You collected 133 gold pieces.


   Skills:
 - Level 1.5 Fighting
 + Level 7.1 Ranged Weapons
 - Level 2.4 Dodging
 - Level 1.2 Stealth


You had 2 spell levels left.
You didn't know any spells.
Your spell library was empty.

Inventory:

Hand Weapons
 Y - a +0 shortbow (weapon)
Armour
 b - a +0 leather armour of fire resistance
 c - a +0 leather armour (worn)
 d - a +0 ring mail
 i - a +2 pair of gloves (worn)
Jewellery
 g - a +6 ring of intelligence
Scrolls
 a - a scroll of identify {unknown}
Potions
 e - a potion of haste {unknown}
 f - a potion of degeneration {unknown}
 h - 2 potions of curing
 j - a potion of attraction {unknown}

Dungeon Overview and Level Annotations

Branches:
Dungeon (2/15)

Altars:

Annotations:
D:2 Robin


Message History

The hobgoblin misses you. The goblin closely misses you.
You shoot an arrow. The arrow hits the hobgoblin.
You kill the hobgoblin!
The bat hits you but does no damage. The goblin hits you with a +0 club.
The goblin hits you but does no damage.
Your Ranged Weapons skill increases to level 7!
You shoot an arrow. The arrow hits the goblin.
You kill the goblin!
The bat misses you.
Robin laughs in a distinctly smug fashion.
You shoot an arrow. The arrow hits the bat.
You kill the bat!
You shoot an arrow. The arrow barely misses the hobgoblin.
The arrow completely misses the goblin.
The arrow barely misses the goblin.
You shoot an arrow.
The arrow completely misses the hobgoblin.
The arrow barely misses the goblin.
The arrow hits Robin.
Robin is moderately wounded.
The hobgoblin closely misses you.
You shoot an arrow. The arrow hits the hobgoblin!
You kill the hobgoblin!
Robin throws the goblin at you!
You shoot an arrow. The arrow hits the goblin!
You kill the goblin!
Robin throws the goblin at you! The goblin hits you with a +0 dagger.
You shoot an arrow. The arrow hits the goblin.
You kill the goblin!
The goblin closely misses you.
You shoot an arrow. The arrow hits the goblin.
The goblin is heavily wounded.
You shoot an arrow. The arrow closely misses the goblin.
The goblin completely misses you. The hobgoblin barely misses you.
You shoot an arrow. The arrow hits the goblin.
You kill the goblin!
The hobgoblin hits you.
You shoot an arrow. The arrow hits the hobgoblin.
The hobgoblin is almost dead.
The goblin no longer looks unusually strong.
The hobgoblin hits you.
You die...

).......##.###
........##.# # g
........##.# # gg
....^...##.### ...
............). ....
.######....... .....
#....... ....Sg####
#....... .....
#...####))#####.......)..
# ##.#####.####.....
#.#####.####.....
#.#####.####.....
#:.####.####.....
##...............
######.####.....
#####.####.....


You could see Robin, a giant cockroach, a hobgoblin (strong), 2 goblins and a
ball python.

Vanquished Creatures
  A worm (D:2)
  3 dart slugs (D:1)
  5 ball pythons
  2 bats
  3 endoplasms
  9 goblins
  4 hobgoblins (D:2)
  A quokka (D:1)
  6 frilled lizards
  3 kobolds
  5 rats (D:1)
42 creatures vanquished.

Notes
Turn   | Place    | Note
-------+----------+-------------------------------------------
     0 | D:1      | qw the Deep Elf Hunter began the quest for the Orb.
     0 | D:1      | Reached XP level 1. HP: 12/12 MP: 3/3
     0 | D:1      | 0 ||| qw: Version: 0.3-a-9-g12657ce
     0 | D:1      | 0 ||| qw: Game counter: 3704
     0 | D:1      | 0 ||| qw: Always use a shield: true
     0 | D:1      | 0 ||| qw: God list: Okawaru
     0 | D:1      | 0 ||| qw: Allow faded altars: false
     0 | D:1      | 0 ||| qw: Do Orc after D:15 true
     0 | D:1      | 0 ||| qw: Do second Lair branch before Depths: true
     0 | D:1      | 0 ||| qw: Lair rune preference: random
     0 | D:1      | 0 ||| qw: Plans: Normal
     0 | D:1      | 0 ||| PLANNING D:1-11
   171 | D:1      | Reached skill level 6 in Ranged Weapons
   171 | D:1      | Reached XP level 2. HP: 13/16 MP: 4/4
   815 | D:1      | 815 ||| UPGRADING to +2 pair of gloves.
   820 | D:1      | 820 ||| READING scroll labelled PEISMO VUMAKAR.
   821 | D:1      | 821 ||| READING scroll labelled HEH BUTIYSIPIO.
   824 | D:1      | 824 ||| DRINKING 2 blue potions.
   825 | D:1      | 825 ||| DROPPING scroll of butterflies.
   846 | D:2      | Reached XP level 3. HP: 20/20 MP: 5/5
   951 | D:2      | Noticed Robin
   952 | D:2      | 952 ||| Stepping ~*~*~tactically~*~*~ (outnumbered).
   969 | D:2      | HP: 4/20 [goblin/+0 club[Robin] (6)]
   970 | D:2      | Reached skill level 7 in Ranged Weapons
   974 | D:2      | HP: 5/20 [Robin/goblin (1)]
   979 | D:2      | HP: 1/20 [hobgoblin (3)]
   980 | D:2      | Slain by a hobgoblin

Levels and vault maps discovered:
D:1:      minmay_arrival_diagonal_passages, layout_basic, minmay_small_reverse_x
D:2:      layout_basic, basic_altar, reono_crystal_passage, due_unseen_surprise,
          uniq_robin

Skill      XL: |  1  2  3 |
---------------+----------+-----
Ranged Weapons | 6 7 |  7.1
Fighting       | |  1.5
Dodging        | |  2.4
Stealth        | |  1.2

Action                     || total
---------------------------++-------
   Fire: Shortbow          ||    98
    Use: Scroll            ||     2
         Potion            ||     1
 Armour: Leather armour    ||     9
  Dodge: Dodged            ||    27

Table legend:
 A = Non-vault XP
 B = Vault XP
 C = Vault XP percentage of total XP
 D = Non-vault monster count
 E = Vault monster count
 F = Vault count percentage of total count
                 A         B        C        D         E       F
            +---------+---------+-------+---------+---------+-------
      Total |      51 |      23 |  31.1 |      30 |      12 |  28.6
            +---------+---------+-------+---------+---------+-------
        D:1 |      31 |       8 |  20.5 |      19 |       4 |  17.4
        D:2 |      20 |      15 |  42.9 |      11 |       8 |  42.1
            +---------+---------+-------+---------+---------+-------
